[Event "FIDE WCCC Open-08 2024"]
[Site "Montesilvano"]
[Date "2024.11.18"]
[Round "2.1"]
[White "Demchenko, Timofei"]
[Black "Bisetto, Alessandro Federico"]
[Result "1-0"]
[ECO "C45"]
[WhiteElo "1969"]
[BlackElo "1671"]
[PlyCount "51"]
[EventDate "2024.11.18"]
[EventType "swiss"]
[EventCountry "ITA"]
[TimeControl "5400+30"]

1. e4 e5 2. Nf3 Nc6 3. d4 exd4 4. Nxd4 Bc5 5. Be3 Qf6 6. c3 Qg6 7. f3 Nxd4 8. Bxd4 Bxd4 9. Qxd4 Ne7 10. Nd2 Nc6 11. Qe3 d6 12. O-O-O Bd7 13. Nc4 O-O-O 14. Bd3 Kb8 15. e5 Qe6 16. f4 dxe5 17. fxe5 Rhe8 18. Rhe1 Ne7 19. Qc5 Qc6 20. Qb4 Nd5 21. Qb3 Qa4 22. Bxh7 Qxb3 23. axb3 Bg4 24. Rd4 Be6 25. Be4 c5 26. Rd2 1-0

[Event "FIDE WCCC Open-08 2024"]
[Site "Montesilvano"]
[Date "2024.11.18"]
[Round "2.2"]
[White "Pham, Han Nam"]
[Black "Zhu, Daniel"]
[Result "0-1"]
[ECO "B53"]
[WhiteElo "1912"]
[BlackElo "2050"]
[PlyCount "116"]
[EventDate "2024.11.18"]
[EventType "swiss"]
[EventCountry "ITA"]
[TimeControl "5400+30"]

1. e4 c5 2. Nf3 d6 3. d4 Nf6 4. Nc3 cxd4 5. Qxd4 Nc6 6. Bb5 Bd7 7. Bxc6 Bxc6 8. Bg5 e6 9. O-O-O Be7 10. Rhe1 O-O 11. e5 dxe5 12. Qh4 Qc7 13. Nxe5 Rfd8 14. Ng4 Nxg4 15. Bxe7 Rxd1+ 16. Rxd1 Nh6 17. Bd6 Nf5 18. Qxh7+ Kxh7 19. Bxc7 Rc8 20. Bg3 Bxg2 21. Rd7 Kg6 22. Ne2 Bc6 23. Nf4+ Kf6 24. Rd2 g6 25. Nd3 Kg7 26. Nb4 Be4 27. c3 Rc4 28. Nc2 Bd5 29. b3 Rc5 30. c4 Bc6 31. Na3 Nxg3 32. hxg3 Rh5 33. Kb2 Rf5 34. Nc2 Re5 35. Kc3 f5 36. Nd4 Be8 37. b4 Re1 38. c5 Kf6 39. Nc2 Rb1 40. Ne3 Bb5 41. Rd6 Bc6 42. Rd2 g5 43. Nc4 Rc1+ 44. Kd4 Bd5 45. Ne3 Bc6 46. Rb2 e5+ 47. Kd3 f4 48. gxf4 gxf4 49. Nc2 Kf5 50. Na3 a6 51. Kd2 Rh1 52. Nc4 e4 53. Kc3 Rh3+ 54. Kc2 Ba4+ 55. Kd2 Rd3+ 56. Ke1 Rd1+ 57. Ke2 f3+ 58. Ke3 Rd3# {[%emt 0:21:00] Kf4+} 0-1

[Event "FIDE WCCC Open-08 2024"]
[Site "Montesilvano"]
[Date "2024.11.18"]
[Round "2.3"]
[White "Adilbek, Adinur"]
[Black "Xu, Zhihan (Samuel)"]
[Result "1-0"]
[ECO "D11"]
[WhiteElo "1651"]
[BlackElo "1881"]
[PlyCount "119"]
[EventDate "2024.11.18"]
[EventType "swiss"]
[EventCountry "ITA"]
[TimeControl "5400+30"]

1. d4 d5 2. Nf3 Nf6 3. g3 Bf5 4. Bg2 h6 5. O-O e6 6. c4 c6 7. Qb3 Qb6 8. c5 Qxb3 9. axb3 Nbd7 10. Nc3 Be7 11. b4 Ne4 12. Nd2 Nxd2 13. Bxd2 Bf6 14. e3 O-O 15. f4 b6 16. Na4 g5 17. Kh1 Kh7 18. Bf3 Rg8 19. Be1 gxf4 20. gxf4 Bh3 21. Rg1 Rxg1+ 22. Kxg1 Rg8+ 23. Bg3 Bf5 24. Bh5 Bg6 25. Bxg6+ fxg6 26. Kf2 Rf8 27. Rc1 b5 28. Nc3 e5 29. fxe5 Bxe5+ 30. Ke2 Bxg3 31. hxg3 Nf6 32. Ra1 Rf7 33. Ra6 Rc7 34. Nxb5 Rf7 35. Rxa7 Kg7 36. Rxf7+ Kxf7 37. Na7 Ne4 38. Kf3 Nd2+ 39. Kg4 Nc4 40. Nxc6 Nxe3+ 41. Kf4 Nc4 42. b5 Ke6 43. b6 g5+ 44. Kg4 Ne3+ 45. Kf3 Nf5 46. b7 g4+ 47. Kf2 h5 48. b8=Q h4 49. Qe5+ Kd7 50. Qxf5+ Kxc6 51. Qe6+ Kb5 52. b3 hxg3+ 53. Kxg3 Kb4 54. Kxg4 Kc3 55. c6 Kb4 56. c7 Ka5 57. c8=Q Kb4 58. Qc5+ Kxb3 59. Qeb6+ Ka2 60. Qca5# 1-0

[Event "FIDE WCCC Open-08 2024"]
[Site "Montesilvano"]
[Date "2024.11.18"]
[Round "2.4"]
[White "Li, Aiden Linyuan"]
[Black "Kortmann, Pedro Reck"]
[Result "1-0"]
[ECO "B06"]
[WhiteElo "1877"]
[BlackElo "1630"]
[PlyCount "57"]
[EventDate "2024.11.18"]
[EventType "swiss"]
[EventCountry "ITA"]
[TimeControl "5400+30"]

1. d4 Nf6 2. g3 g6 3. Bg2 Bg7 4. e4 d6 5. Ne2 e6 6. O-O O-O 7. h3 h5 8. Be3 Nc6 9. Nbc3 Re8 10. f4 Bh6 11. Qd2 e5 12. fxe5 dxe5 13. Bxh6 exd4 14. Nd5 Nxd5 15. exd5 Ne5 16. Bg5 Qd6 17. Bf6 Nd7 18. Bxd4 b6 19. Qh6 Ne5 20. Qf4 Bf5 21. Nc3 a6 22. Bxe5 Rxe5 23. g4 Qc5+ 24. Rf2 Rae8 25. gxf5 Rxf5 26. Qd2 Re3 27. Ne4 Rxe4 28. Bxe4 Rf6 29. Raf1 1-0

[Event "FIDE WCCC Open-08 2024"]
[Site "Montesilvano"]
[Date "2024.11.18"]
[Round "2.5"]
[White "Huzela, Lukyan"]
[Black "Badescu, Matei-Andrei"]
[Result "0-1"]
[ECO "B50"]
[WhiteElo "1651"]
[BlackElo "1829"]
[PlyCount "70"]
[EventDate "2024.11.18"]
[EventType "swiss"]
[EventCountry "ITA"]
[TimeControl "5400+30"]

1. e4 c5 2. Nf3 d6 3. Bc4 e6 4. O-O Nf6 5. Re1 Be7 6. c3 O-O 7. d4 cxd4 8. cxd4 d5 9. exd5 exd5 10. Be2 Nc6 11. Nc3 Bf5 12. Bb5 Nb4 13. Re5 Bd7 14. a3 Nc6 15. Re1 a6 16. Bxc6 Bxc6 17. Ne5 Rc8 18. Bg5 h6 19. Bh4 Re8 20. Qe2 g5 21. Bg3 Ne4 22. Nxe4 dxe4 23. Qh5 Qd5 24. Qxh6 e3 25. Nf3 g4 26. Be5 f6 27. Qg6+ Kf8 28. Bxf6 Bxf6 29. Qxf6+ Kg8 30. Qg6+ Kh8 31. Qxg4 Rc7 32. Ne5 exf2+ 33. Kxf2 Rg7 34. Qh4+ Kg8 35. Nf3 Rxg2+ 0-1

[Event "FIDE WCCC Open-08 2024"]
[Site "Montesilvano"]
[Date "2024.11.18"]
[Round "2.6"]
[White "Mani, Sarbartho"]
[Black "Cardas, Serghei"]
[Result "0-1"]
[ECO "C19"]
[WhiteElo "1824"]
[BlackElo "1627"]
[PlyCount "116"]
[EventDate "2024.11.18"]
[EventType "swiss"]
[EventCountry "ITA"]
[TimeControl "5400+30"]

1. e4 e6 2. d4 d5 3. Nc3 Bb4 4. e5 Ne7 5. Nf3 c5 6. a3 Bxc3+ 7. bxc3 Qa5 8. Bd2 c4 9. Be2 Bd7 10. O-O Nbc6 11. Nh4 O-O-O 12. f4 g6 13. Nf3 h6 14. g4 Rdg8 15. Kg2 a6 16. Qc1 Na7 17. a4 Nec6 18. Qa3 Rh7 19. Rfb1 Qc7 20. Qc5 Kb8 21. Rb2 Nd8 22. Qa3 Ndc6 23. Rab1 Bc8 24. Rb6 Ka8 25. Qc5 Qe7 26. Qxe7 Nxe7 27. Bc1 Nec6 28. Ba3 Rhh8 29. Bd6 Rd8 30. h4 Rhg8 31. R1b2 f5 32. g5 h5 33. Kf2 Rg7 34. Nd2 Re8 35. Ke3 Rd8 36. Nb1 Re8 37. Na3 Rd8 38. Bc5 Na5 39. Nb5 axb5 40. axb5 Bd7 41. Ra2 Nc8 42. Rxa5+ Kb8 43. Bd6+ Nxd6 44. Rxd6 Rgg8 45. Kd2 Bc8 46. b6 Rxd6 47. exd6 Rd8 48. Rc5 Rxd6 49. Ke3 Rxb6 50. Bxh5 gxh5 51. Rb5 Rd6 52. Rb1 Rd8 53. Rg1 Rg8 54. g6 Kc7 55. Rg5 Kd6 56. Rxh5 Rxg6 57. Rg5 Rh6 58. h5 Bd7 0-1

[Event "FIDE WCCC Open-08 2024"]
[Site "Montesilvano"]
[Date "2024.11.18"]
[Round "2.7"]
[White "Cherem, Yoseph"]
[Black "Le, Khai"]
[Result "1-0"]
[ECO "E21"]
[WhiteElo "1634"]
[BlackElo "1808"]
[PlyCount "71"]
[EventDate "2024.11.18"]
[EventType "swiss"]
[EventCountry "ITA"]
[TimeControl "5400+30"]

1. d4 Nf6 2. c4 e6 3. Nc3 Bb4 4. Bg5 b6 5. e4 h6 6. Bxf6 Qxf6 7. Nf3 Bb7 8. Bd3 d6 9. Qa4+ Nc6 10. d5 Bxc3+ 11. bxc3 Qxc3+ 12. Ke2 Qb4 13. Bc2 b5 14. cxb5 Qxa4 15. Bxa4 Ne7 16. b6+ Kd8 17. bxc7+ Kxc7 18. Rhc1+ Kd8 19. dxe6 fxe6 20. Nd4 Bc8 21. Rab1 a5 22. Rb6 Ng6 23. Rxd6+ Ke7 24. Nf5+ Kf7 25. Rc7+ Kf6 26. g3 Ne5 27. f4 Ba6+ 28. Rxa6 Rxa6 29. fxe5+ Kxe5 30. Nxg7 Rb8 31. Ke3 Rb2 32. Bb3 Rxh2 33. Ne8 Rd6 34. Rc5+ Rd5 35. exd5 exd5 36. Rxd5+ 1-0

[Event "FIDE WCCC Open-08 2024"]
[Site "Montesilvano"]
[Date "2024.11.18"]
[Round "2.8"]
[White "Ayaan Phutane"]
[Black "Nurshin, Nurali"]
[Result "0-1"]
[ECO "E34"]
[WhiteElo "1796"]
[BlackElo "1612"]
[PlyCount "88"]
[EventDate "2024.11.18"]
[EventType "swiss"]
[EventCountry "ITA"]
[TimeControl "5400+30"]

1. d4 Nf6 2. c4 e6 3. Nc3 Bb4 4. Qc2 d5 5. cxd5 Qxd5 6. e3 c5 7. a3 cxd4 8. axb4 dxc3 9. bxc3 O-O 10. Nf3 Nc6 11. Be2 e5 12. O-O e4 13. Nd4 Nxd4 14. exd4 b5 15. Ra5 Bd7 16. Be3 Rfc8 17. Rfa1 Qb7 18. Qb3 a6 19. Qa3 Nd5 20. Bd2 Nc7 21. h4 Bc6 22. Be3 f5 23. Qa2+ Kh8 24. h5 Nd5 25. Bd2 f4 26. Bg4 Bd7 27. Bxd7 Qxd7 28. Rxa6 Rxa6 29. Qxa6 f3 30. h6 Qg4 31. hxg7+ Kg8 32. Qxc8+ Qxc8 33. Bh6 Qc6 34. Bd2 Kxg7 35. Ra7+ Kg8 36. g3 Nxc3 37. d5 Ne2+ 38. Kf1 Qxd5 39. Be1 Qh5 40. Ra8+ Kf7 41. Ra7+ Ke6 42. Ra6+ Kd5 43. Rh6 Qxh6 44. Bd2 Qh1# 0-1

[Event "FIDE WCCC Open-08 2024"]
[Site "Montesilvano"]
[Date "2024.11.18"]
[Round "2.9"]
[White "Nguyen Phuc Cao Danh"]
[Black "Sattwik Swain"]
[Result "0-1"]
[ECO "C50"]
[WhiteElo "1627"]
[BlackElo "1787"]
[PlyCount "62"]
[EventDate "2024.11.18"]
[EventType "swiss"]
[EventCountry "ITA"]
[TimeControl "5400+30"]

1. e4 e5 2. Nf3 Nc6 3. Bc4 Bc5 4. Nc3 Nf6 5. d3 d6 6. h3 h6 7. O-O O-O 8. Na4 Bb6 9. Nxb6 axb6 10. Be3 Be6 11. Bb5 Ne7 12. c4 Nh7 13. Ba4 f5 14. exf5 Nxf5 15. Bb3 c5 16. Qe2 Qd7 17. Kh2 Rae8 18. Rfd1 Nd4 19. Bxd4 exd4 20. Nd2 Bxh3 21. Ne4 Bf5 22. f3 Ng5 23. a4 Qc7 24. Kg1 Re6 25. Bc2 Rg6 26. Kf2 d5 27. cxd5 Nh3+ 28. Ke1 Nf4 29. d6 Qf7 30. Qd2 Nxg2+ 31. Kf2 Bxe4 0-1

[Event "FIDE WCCC Open-08 2024"]
[Site "Montesilvano"]
[Date "2024.11.18"]
[Round "2.10"]
[White "Divith Reddy Adulla"]
[Black "Movsisyan, Samvel"]
[Result "1-0"]
[ECO "B22"]
[WhiteElo "1784"]
[BlackElo "1604"]
[PlyCount "73"]
[EventDate "2024.11.18"]
[EventType "swiss"]
[EventCountry "ITA"]
[TimeControl "5400+30"]

1. e4 c5 2. c3 Nc6 3. d4 cxd4 4. cxd4 d5 5. exd5 Qxd5 6. Nf3 Bg4 7. Nc3 Qd7 8. d5 Bxf3 9. gxf3 O-O-O 10. dxc6 Qxc6 11. Qe2 Kb8 12. Bf4+ Ka8 13. Nb5 e5 14. Bd2 Bc5 15. Rc1 Qb6 16. Rc2 Nf6 17. b4 Bd4 18. a4 Nd5 19. a5 Qg6 20. Qd1 Nxb4 21. Rc4 Nd3+ 22. Bxd3 Qxd3 23. Qe2 Qb1+ 24. Rc1 Qg6 25. Be3 Rc8 26. Nc7+ Kb8 27. Bxd4 Qg5 28. Be3 Qg2 29. Rf1 Rxc7 30. Bxa7+ Kc8 31. Rxc7+ Kxc7 32. Qc4+ Kd6 33. Bc5+ Kc6 34. Bb4+ Kd7 35. Ke2 Rd8 36. Rd1+ Ke8 37. Qb5+ 1-0

[Event "FIDE WCCC Open-08 2024"]
[Site "Montesilvano"]
[Date "2024.11.18"]
[Round "2.11"]
[White "Stankowski, Wiktor"]
[Black "Lan, Kai Zhou"]
[Result "1/2-1/2"]
[ECO "B34"]
[WhiteElo "1617"]
[BlackElo "1784"]
[PlyCount "38"]
[EventDate "2024.11.18"]
[EventType "swiss"]
[EventCountry "ITA"]
[TimeControl "5400+30"]

1. e4 c5 2. Nf3 Nc6 3. d4 cxd4 4. Nxd4 g6 5. Nc3 Bg7 6. Be3 Nf6 7. f3 O-O 8. Qd2 d5 9. Nxc6 bxc6 10. O-O-O e6 11. Bg5 Qa5 12. h4 Rb8 13. Bxf6 Qb4 14. Nxd5 Qxb2+ 15. Bxb2 Bxb2+ 16. Kb1 Bc3+ 17. Kc1 Bb2+ 18. Kb1 Bc3+ 19. Kc1 Bb2+ 1/2-1/2

[Event "FIDE WCCC Open-08 2024"]
[Site "Montesilvano"]
[Date "2024.11.18"]
[Round "2.12"]
[White "Khantulga, Tuvshinbayar"]
[Black "Zhang, Yangming"]
[Result "0-1"]
[ECO "B33"]
[WhiteElo "1611"]
[BlackElo "1770"]
[PlyCount "126"]
[EventDate "2024.11.18"]
[EventType "swiss"]
[EventCountry "ITA"]
[TimeControl "5400+30"]

1. e4 c5 2. Nf3 Nc6 3. d4 cxd4 4. Nxd4 Nf6 5. Nc3 e5 6. Ndb5 d6 7. Bg5 a6 8. Na3 b5 9. Nd5 Be7 10. Bxf6 Bxf6 11. c4 b4 12. Nc2 a5 13. g3 Rb8 14. Bg2 b3 15. axb3 Rb7 16. b4 Rxb4 17. Na3 Rxb2 18. Nb5 O-O 19. Qc1 Nb4 20. O-O Rc2 21. Qb1 Rxc4 22. Qb3 Rc5 23. Nxf6+ Qxf6 24. Rxa5 Nc6 25. Ra8 Be6 26. Rxf8+ Kxf8 27. Qd1 Bc4 28. Nxd6 Bxf1 29. Bxf1 Nd4 30. Nc4 Qc6 31. Nxe5 Rxe5 32. Qxd4 Rxe4 33. Qd3 h6 34. Qb1 Qe8 35. Kg2 Kg8 36. Bb5 Re1 37. Qb2 Qe4+ 38. f3 Rb1 39. Qa2 Qf5 40. Bc6 Rb8 41. Be4 Qe5 42. Qa7 Qb2+ 43. Kh3 Qe5 44. g4 g6 45. Bd5 Rf8 46. Qc5 Qf4 47. Qc2 Kg7 48. Qc3+ Kg8 49. Qc6 Kh7 50. Qd7 Kg7 51. Be4 Rb8 52. Qd4+ Kg8 53. Qd5 Rb2 54. Qd8+ Kh7 55. Bxg6+ fxg6 56. Qe7+ Kg8 57. Qe8+ Kg7 58. Qe7+ Qf7 59. Qe5+ Qf6 60. Qc7+ Qf7 61. Qc3+ Kh7 62. Qxb2 Qxf3+ 63. Kh4 g5+ 0-1

[Event "FIDE WCCC Open-08 2024"]
[Site "Montesilvano"]
[Date "2024.11.18"]
[Round "2.13"]
[White "Jevglevski, Lev"]
[Black "Elemes, Nurmukhamed"]
[Result "0-1"]
[ECO "B94"]
[WhiteElo "1602"]
[BlackElo "1735"]
[PlyCount "80"]
[EventDate "2024.11.18"]
[EventType "swiss"]
[EventCountry "ITA"]
[TimeControl "5400+30"]

1. e4 c5 2. Nf3 d6 3. d4 cxd4 4. Nxd4 Nf6 5. Nc3 a6 6. Bg5 Nbd7 7. f4 Qc7 8. Qf3 h6 9. Bxf6 Nxf6 10. h3 g5 11. Bd3 Bg7 12. Rf1 gxf4 13. Nf5 Bxf5 14. exf5 O-O-O 15. Qxf4 Nd7 16. Nd1 e5 17. Qc4 Nc5 18. f6 Bf8 19. Ne3 d5 20. Bf5+ Ne6 21. Qxc7+ Kxc7 22. O-O-O Nf4 23. Ng4 Bd6 24. Rfe1 Nxg2 25. Re2 Nf4 26. Ree1 e4 27. c4 Nd3+ 28. Rxd3 exd3 29. Bxd3 Bf4+ 30. Kb1 Rhe8 31. Re7+ Kb6 32. cxd5 h5 33. Nf2 Rxe7 34. fxe7 Re8 35. Ne4 Rxe7 36. Nf6 Kc5 37. Nxh5 Bg5 38. h4 Bxh4 39. Nf4 Bg5 40. Nh3 Be3 0-1

[Event "FIDE WCCC Open-08 2024"]
[Site "Montesilvano"]
[Date "2024.11.18"]
[Round "2.14"]
[White "Tuguldur, Baatarchuluun"]
[Black "Kuncoro, Leo"]
[Result "1-0"]
[ECO "B22"]
[WhiteElo "1590"]
[BlackElo "1726"]
[PlyCount "111"]
[EventDate "2024.11.18"]
[EventType "swiss"]
[EventCountry "ITA"]
[TimeControl "5400+30"]

1. e4 c5 2. c3 d5 3. exd5 Qxd5 4. d4 Nc6 5. Nf3 Bg4 6. Be2 e6 7. c4 Qe4 8. Nc3 Qg6 9. d5 exd5 10. cxd5 O-O-O 11. Nh4 Bxe2 12. Nxg6 Bxd1 13. Nxh8 Bh5 14. dxc6 b5 15. g4 Re8+ 16. Kd2 Rd8+ 17. Ke1 Re8+ 18. Be3 Bxg4 19. Nxf7 b4 20. Nb5 Re6 21. Nxa7+ Kb8 22. Nb5 Nf6 23. c7+ Kc8 24. Rc1 Nd5 25. Nd8 Re8 26. Rg1 Bd7 27. Rg5 Nxe3 28. Na7+ Kxc7 29. fxe3 Rxd8 30. Rd5 Kb7 31. Rcd1 Kc7 32. Nb5+ Kc6 33. a4 Be7 34. Rd6+ Bxd6 35. Rxd6+ Kb7 36. a5 Kc8 37. Rd5 Kb7 38. Rxc5 Bc6 39. Nd4 Rd6 40. Nxc6 Rxc6 41. Rxc6 Kxc6 42. e4 g5 43. e5 h5 44. a6 g4 45. a7 Kb7 46. e6 Kxa7 47. e7 Kb6 48. e8=Q Kc5 49. Qe5+ Kc4 50. Kd2 g3 51. Qxg3 h4 52. Qxh4+ Kb3 53. Qf6 Ka2 54. Kc2 b3+ 55. Kc1 Ka1 56. Qa6# 1-0

[Event "FIDE WCCC Open-08 2024"]
[Site "Montesilvano"]
[Date "2024.11.18"]
[Round "2.15"]
[White "Singh, Ian Avery"]
[Black "Muratshin, Ramazan"]
[Result "1-0"]
[ECO "C02"]
[WhiteElo "1713"]
[BlackElo "1597"]
[PlyCount "95"]
[EventDate "2024.11.18"]
[EventType "swiss"]
[EventCountry "ITA"]
[TimeControl "5400+30"]

1. e4 e6 2. d4 d5 3. e5 c5 4. c3 Nc6 5. Nf3 Nge7 6. Na3 a6 7. Nc2 Ng6 8. g3 Qb6 9. h4 cxd4 10. cxd4 Bd7 11. Bg2 Rc8 12. O-O Nge7 13. b3 Qc7 14. Ne3 Nf5 15. Nxf5 exf5 16. Bf4 Be6 17. Re1 Bb4 18. Bd2 Bxd2 19. Qxd2 h6 20. Bh3 O-O 21. Rac1 Qd7 22. h5 Ne7 23. Nh4 Rxc1 24. Rxc1 Rc8 25. a3 Rxc1+ 26. Qxc1 Qc6 27. Qxc6 Nxc6 28. Nxf5 Nxd4 29. Nxd4 Bxh3 30. f3 Bd7 31. Kf2 Kf8 32. Ke3 Ke7 33. Ne2 Be6 34. Kd4 b6 35. Nf4 Kd7 36. Nxd5 Kc6 37. Nb4+ Kb5 38. Kc3 f5 39. Nd3 Bd5 40. a4+ Ka5 41. Nf4 Bc6 42. e6 b5 43. axb5 axb5 44. e7 b4+ 45. Kc4 Bb5+ 46. Kc5 Be8 47. Ne6 Bxh5 48. Nxg7 1-0

[Event "FIDE WCCC Open-08 2024"]
[Site "Montesilvano"]
[Date "2024.11.18"]
[Round "2.16"]
[White "Kavish Palaniappan K"]
[Black "Vo, Daniel"]
[Result "1-0"]
[ECO "C42"]
[WhiteElo "1589"]
[BlackElo "1711"]
[PlyCount "110"]
[EventDate "2024.11.18"]
[EventType "swiss"]
[EventCountry "ITA"]
[TimeControl "5400+30"]

1. e4 e5 2. Nf3 Nf6 3. Nxe5 d6 4. Nf3 Nxe4 5. Nc3 Nxc3 6. dxc3 Be7 7. Be3 Nd7 8. Qd2 Nf6 9. O-O-O O-O 10. Bd3 d5 11. h4 c6 12. h5 Ne4 13. Bxe4 dxe4 14. Nd4 Qa5 15. Kb1 h6 16. f3 Rd8 17. Qe2 exf3 18. gxf3 Bf6 19. Rdg1 Re8 20. Qd2 Kh7 21. Qd3+ Kh8 22. Nb3 Qf5 23. Qd2 Qh7 24. Bd4 Bxd4 25. Nxd4 c5 26. Nb5 Bf5 27. Nd6 Rab8 28. Nxf7+ Kg8 29. Nxh6+ Kh8 30. Nf7+ Kg8 31. Ng5 Qh6 32. Qd5+ Be6 33. Nxe6 Rxe6 34. Rg6 Rbe8 35. Rxh6 gxh6 36. a3 Kh8 37. Rg1 Re1+ 38. Rxe1 Rxe1+ 39. Ka2 b6 40. Qa8+ Kg7 41. Qxa7+ Kf6 42. Qxb6+ Re6 43. Qxc5 Re5 44. Qf8+ Kg5 45. Qg7+ Kf4 46. Qxh6+ Kf5 47. Qg6+ Kf4 48. Qf6+ Rf5 49. Qxf5+ Kxf5 50. a4 Ke6 51. a5 Ke7 52. a6 Ke6 53. a7 Ke5 54. a8=Q Kf4 55. h6 Ke3 1-0

[Event "FIDE WCCC Open-08 2024"]
[Site "Montesilvano"]
[Date "2024.11.18"]
[Round "2.17"]
[White "Kapitanski, Furion"]
[Black "Charyyev Charyhekim"]
[Result "1/2-1/2"]
[ECO "B07"]
[WhiteElo "1707"]
[BlackElo "1589"]
[PlyCount "93"]
[EventDate "2024.11.18"]
[EventType "swiss"]
[EventCountry "ITA"]
[TimeControl "5400+30"]

1. e4 d6 2. d4 Nf6 3. Nc3 e5 4. dxe5 dxe5 5. Qxd8+ Kxd8 6. Nf3 Bd6 7. Be3 Ng4 8. Bg5+ f6 9. Bh4 c6 10. h3 Nh6 11. g4 Ke7 12. O-O-O Nf7 13. Bc4 Be6 14. Bxe6 Kxe6 15. Nd2 b5 16. Ne2 h5 17. a4 hxg4 18. hxg4 Na6 19. axb5 cxb5 20. Ng3 g5 21. Bxg5 Nxg5 22. Nh5 Bb4 23. c3 Ba5 24. f4 Nf7 25. Ng7+ Ke7 26. Nf5+ Kf8 27. Rxh8+ Nxh8 28. fxe5 fxe5 29. Nf3 Rd8 30. Rxd8+ Bxd8 31. Nxe5 Nb8 32. Nd4 a6 33. g5 Bxg5+ 34. Kc2 Ke7 35. b4 Kd6 36. Nd3 Nd7 37. Nb3 Be3 38. Nb2 Ne5 39. Nd3 Nxd3 40. Kxd3 Bb6 41. c4 bxc4+ 42. Kxc4 Kc6 43. e5 Nf7 44. e6 Nd6+ 45. Kc3 Kb5 46. e7 Bf2 47. Nc5 1/2-1/2

[Event "FIDE WCCC Open-08 2024"]
[Site "Montesilvano"]
[Date "2024.11.18"]
[Round "2.18"]
[White "Tokmachov, Daniel"]
[Black "Meiyazhagan, Kaviinayan"]
[Result "0-1"]
[ECO "C54"]
[WhiteElo "1565"]
[BlackElo "1707"]
[PlyCount "100"]
[EventDate "2024.11.18"]
[EventType "swiss"]
[EventCountry "ITA"]
[TimeControl "5400+30"]

1. e4 e5 2. Nf3 Nc6 3. Bc4 Bc5 4. c3 Nf6 5. d3 h6 6. Be3 Bb6 7. h3 O-O 8. O-O d5 9. exd5 Nxd5 10. Bxd5 Qxd5 11. d4 exd4 12. Nxd4 Nxd4 13. Bxd4 Be6 14. Bxb6 axb6 15. Qxd5 Bxd5 16. a3 Bc4 17. Rd1 Rfd8 18. Rd4 Rxd4 19. cxd4 Rd8 20. Nd2 Rxd4 21. Nxc4 Rxc4 22. Kf1 Rc2 23. Rb1 Kf8 24. f3 Ke7 25. Re1+ Kd6 26. Re2 Rxe2 27. Kxe2 Kd5 28. Kd3 f5 29. f4 g5 30. fxg5 hxg5 31. g3 b5 32. h4 f4 33. gxf4 gxh4 34. Ke3 h3 35. Kf3 h2 36. Kg2 Ke4 37. Kxh2 Kxf4 38. Kg2 Ke3 39. Kg3 Kd2 40. Kf2 Kc2 41. Ke2 Kxb2 42. Kd2 Kxa3 43. Kc2 b4 44. Kb1 Kb3 45. Ka1 Kc2 46. Ka2 b3+ 47. Ka3 b2 48. Ka4 b1=Q 49. Ka5 Kc3 50. Ka4 Qb4# 0-1

[Event "FIDE WCCC Open-08 2024"]
[Site "Montesilvano"]
[Date "2024.11.18"]
[Round "2.19"]
[White "Mohamed Fouad, Yahia"]
[Black "Bakirli, Matin"]
[Result "1-0"]
[ECO "E18"]
[WhiteElo "1705"]
[BlackElo "1578"]
[PlyCount "131"]
[EventDate "2024.11.18"]
[EventType "swiss"]
[EventCountry "ITA"]
[TimeControl "5400+30"]

1. d4 d5 2. Nf3 Nf6 3. c4 e6 4. Nc3 Be7 5. g3 O-O 6. Bg2 b6 7. O-O Bb7 8. Ne5 Nbd7 9. cxd5 exd5 10. Qa4 Nxe5 11. dxe5 Nd7 12. Nxd5 Nc5 13. Qd1 c6 14. Nxe7+ Qxe7 15. Qd6 Qe6 16. Rd1 Rfe8 17. Qxe6 Rxe6 18. f4 f6 19. exf6 gxf6 20. Bf3 Ba6 21. b4 Na4 22. f5 Re7 23. Bxc6 Nc3 24. Bxa8 Nxd1 25. b5 Bxb5 26. Bd5+ Kg7 27. Ba3 Re3 28. Rxd1 Rxa3 29. Bb3 Ba4 30. Bxa4 Rxa4 31. Rd2 Ra3 32. Kf2 Kf7 33. e4 Kg7 34. h4 Kf7 35. g4 h6 36. g5 hxg5 37. hxg5 b5 38. g6+ Kg7 39. Ke2 Rg3 40. Kd1 Re3 41. Rd7+ Kg8 42. Rd4 a5 43. Kc2 b4 44. Rc4 Kg7 45. Kd2 Rg3 46. Rc2 a4 47. Kc1 Rg1+ 48. Kd2 Rg2+ 49. Kd3 Rg3+ 50. Kc4 Re3 51. Kd4 Rf3 52. Kc4 Re3 53. Kxb4 Rxe4+ 54. Rc4 Re2 55. a3 Rf2 56. Rc5 Rf4+ 57. Ka5 Kg8 58. Kb5 Kg7 59. Rd5 Rg4 60. Rd7+ Kg8 61. Rf7 Rf4 62. Rxf6 Kg7 63. Rf7+ Kg8 64. f6 Re4 65. Re7 Rf4 66. Re8# 1-0

[Event "FIDE WCCC Open-08 2024"]
[Site "Montesilvano"]
[Date "2024.11.18"]
[Round "2.20"]
[White "Xin, Andrew M."]
[Black "Sahin, Bora"]
[Result "0-1"]
[ECO "D04"]
[WhiteElo "1546"]
[BlackElo "1703"]
[PlyCount "68"]
[EventDate "2024.11.18"]
[EventType "swiss"]
[EventCountry "ITA"]
[TimeControl "5400+30"]

1. d4 d5 2. Nf3 Nf6 3. e3 Bf5 4. Bd3 Bxd3 5. cxd3 e6 6. O-O Bd6 7. Nc3 O-O 8. e4 Be7 9. Qb3 b6 10. Bf4 c6 11. Rac1 Qd7 12. Ne5 Qb7 13. Rfe1 Na6 14. Ne2 Rac8 15. Nf3 dxe4 16. dxe4 Nxe4 17. Ng3 Nf6 18. Be5 c5 19. Red1 cxd4 20. Rxc8 Rxc8 21. Rxd4 Nc5 22. Qd1 Qc6 23. Rc4 Rd8 24. Qc2 a5 25. a3 b5 26. Rc3 Nd5 27. Rxc5 Qxc5 28. Qxc5 Bxc5 29. Ne4 Nf6 30. h3 Nxe4 31. Bg3 Nxg3 32. Kh2 Bxf2 33. Ne5 Rd1 34. Nxf7 Rh1# 0-1

[Event "FIDE WCCC Open-08 2024"]
[Site "Montesilvano"]
[Date "2024.11.18"]
[Round "2.21"]
[White "Guo, Philipp Ziming"]
[Black "Bausys, Benas"]
[Result "0-1"]
[ECO "A57"]
[WhiteElo "2139"]
[BlackElo "1564"]
[PlyCount "107"]
[EventDate "2024.11.18"]
[EventType "swiss"]
[EventCountry "ITA"]
[TimeControl "5400+30"]

1. d4 Nf6 2. c4 c5 3. d5 b5 4. e3 Bb7 5. Nc3 b4 6. Nb1 g6 7. b3 Bg7 8. Bb2 d6 9. Nd2 O-O 10. Bd3 Nbd7 11. Ngf3 a5 12. a4 Qc7 13. O-O Rae8 14. Qc2 e6 15. e4 exd5 16. exd5 Ng4 17. Rae1 Nge5 18. Nxe5 Nxe5 19. Bxe5 Bxe5 20. f4 Bd4+ 21. Kh1 f5 22. Nf3 Bc3 23. Re2 Rxe2 24. Qxe2 Qd7 25. Ng5 Re8 26. Ne6 Bc8 27. g4 Qf7 28. Qg2 Kh8 29. Ng5 Qg8 30. gxf5 gxf5 31. Qh3 Qg6 32. Rg1 Bd4 33. Rg3 Bf2 34. Rf3 Re1+ 35. Bf1 Bd4 36. Rg3 Re7 37. Qg2 Qe8 38. Rh3 Bf6 39. Rh6 Bxg5 40. fxg5 Qd7 41. Qb2+ Rg7 42. Rf6 Qe7 43. h4 Qe4+ 44. Kg1 Qe3+ 45. Qf2 Rxg5+ 46. Bg2 Qxf2+ 47. Kxf2 Rg6 48. Rf8+ Rg8 49. Rf7 Rd8 50. Ra7 f4 51. Be4 Bd7 52. Kf3 Kg8 53. Kxf4 Kf8 54. Kg5 0-1

[Event "FIDE WCCC Open-08 2024"]
[Site "Montesilvano"]
[Date "2024.11.18"]
[Round "2.22"]
[White "Su, Milo"]
[Black "Morozevich, Kirill Aleks"]
[Result "0-1"]
[ECO "C22"]
[WhiteElo "1696"]
[BlackElo "1484"]
[PlyCount "70"]
[EventDate "2024.11.18"]
[EventType "swiss"]
[EventCountry "ITA"]
[TimeControl "5400+30"]

1. e4 e5 2. d4 exd4 3. Qxd4 Nc6 4. Qd3 d5 5. Qxd5 Qxd5 6. exd5 Nb4 7. Bb5+ Bd7 8. Bxd7+ Kxd7 9. Kd1 Nxd5 10. Nf3 Re8 11. a3 Bc5 12. c4 Nb6 13. b3 Bxf2 14. Rf1 Be3 15. Bxe3 Rxe3 16. Ng5 Nf6 17. Nxf7 Rf8 18. Ng5 Rxb3 19. Ne4 Rd3+ 20. Kc1 Rd4 21. Nbd2 Kc6 22. Ng5 Re8 23. Ngf3 Rg4 24. c5 Kxc5 25. Nb3+ Kd6 26. Nfd4 Rxg2 27. Nf5+ Kd7 28. Nbd4 Re5 29. Rd1 Rc5+ 30. Kb1 Nbd5 31. Nb3 Rcc2 32. Ne3 Rb2+ 33. Kc1 Rxh2 34. Rd3 Rbf2 35. Rd1 Kc8 0-1

[Event "FIDE WCCC Open-08 2024"]
[Site "Montesilvano"]
[Date "2024.11.18"]
[Round "2.23"]
[White "Rajabov, Abdurahmon"]
[Black "Morozov, Arkhip"]
[Result "0-1"]
[ECO "C42"]
[WhiteElo "1515"]
[BlackElo "1687"]
[PlyCount "86"]
[EventDate "2024.11.18"]
[EventType "swiss"]
[EventCountry "ITA"]
[TimeControl "5400+30"]

1. e4 e5 2. Nf3 Nf6 3. Nxe5 d6 4. Nf3 Nxe4 5. c3 d5 6. d4 Bd6 7. Be2 O-O 8. O-O c6 9. Re1 Bf5 10. Be3 Nd7 11. Nbd2 Qc7 12. h3 h6 13. Nxe4 Bxe4 14. c4 dxc4 15. Nd2 Bd5 16. Bxc4 Nf6 17. Rc1 Bxc4 18. Nxc4 Bb4 19. Nd2 Rad8 20. Qf3 Qd6 21. Red1 Qd5 22. a3 Bd6 23. Qe2 Rfe8 24. Qd3 Bb8 25. Nf3 Ne4 26. Nd2 Nxd2 27. Qxd2 Bd6 28. Re1 Re6 29. Qc3 Rg6 30. f3 Qxf3 31. Qc2 Qxh3 32. Qxg6 Qh2+ 33. Kf2 fxg6 34. Ke2 Qxg2+ 35. Kd3 Qd5 36. Rc3 c5 37. Rc4 b5 38. Rcc1 cxd4 39. Bd2 Qb3+ 40. Ke2 Re8+ 41. Kf1 Qh3+ 42. Kg1 Qh2+ 43. Kf1 Rf8+ 0-1